 Dungeon Crawl Stone Soup version 0.29.1-15-g9cfb28693d (webtiles) character file.

Game seed: 10614821823285957353

212 Smoke131 the Trooper (level 5, -21/55 HPs)
             Began as an Ogre Gladiator on Feb 28, 2023.
             Killed by an exploding butterfly (26 damage)
             ... ignited by their inner flame
             ... on level 4 of the Dungeon.
             The game lasted 00:09:48 (2902 turns).

Smoke131 the Trooper (Ogre Gladiator)               Turns: 2902, Time: 00:09:49

Health: -21/55     AC:  8    Str: 25    XL:     5   Next: 90%
Magic:  5/5        EV:  8    Int:  9    God:
Gold:   48         SH:  6    Dex: 10    Spells: 4/4 levels left

rFire   . . .      SeeInvis .   a - +0 war axe
rCold   . . .      Faith    .   r - +0 kite shield
rNeg    . . .      Spirit   .   v - +4 robe of Entitlement {rElec Regen+ Str+5}
rPois   .          Reflect  .   c - +0 hat
rElec   +          Harm     .   p - +0 cloak
rCorr   .          Rampage  .   (gloves unavailable)
Will    .....                   (boots unavailable)
Stlth   +.........              l - amulet of regeneration
HPRegen 1.78/turn               (no ring)
MPRegen 0.09/turn               (no ring)

@: no status effects
A: large, unfitting armour, tough skin 1
a: no special abilities


You were on level 4 of the Dungeon.
You visited 1 branch of the dungeon, and saw 4 of its levels.
You also visited: Sewer.

You collected 156 gold pieces.
You spent 108 gold pieces at shops.

Inventory:

Hand Weapons
 a - a +0 war axe (weapon)
Missiles
 d - 3 throwing nets
 e - 7 large rocks (quivered)
 j - 31 stones
 n - 7 boomerangs
Armour
 c - a +0 hat (worn)
 p - a +0 cloak (worn)
 r - a +0 kite shield (worn)
 v - the +4 robe of Entitlement (worn) {rElec Regen+ Str+5}
   (You bought it in a shop on level 1 of the Dungeon)

   Str:       It affects your strength (+5).
   rElec:     It insulates you from electricity.
   Regen:     It increases your rate of health regeneration.
Jewellery
 l - an amulet of regeneration (around neck)
Scrolls
 f - 4 scrolls of teleportation
 u - a scroll of magic mapping
Potions
 g - a potion of attraction {unknown}
 h - a potion of curing {unknown}
 i - a potion of flight {unknown}
 t - 2 potions of might
 w - 2 potions of heal wounds {unknown}
 x - a potion of haste {unknown}
 z - a potion of invisibility {unknown}


   Skills:
 + Level 4.3 Fighting
 + Level 4.0 Axes
 + Level 3.3 Throwing
 - Level 1.2 Armour
 - Level 3.0 Dodging
 + Level 1.5 Shields


You had 4 spell levels left.
You didn't know any spells.
Your spell library was empty.

Dungeon Overview and Level Annotations

Branches:
Dungeon (4/15)              Sewer (visited)
 Temple: D:4-7

Altars:
The Shining One

Shops:
D:1 *[[


Innate Abilities, Weirdness & Mutations

You are too large for most types of armour.
You have tough skin. (AC +1)


Message History

As you read the scroll labelled FOBICO YNEAMP, it crumbles to dust.
It is a scroll of amnesia.
You feel forgetful for a moment.
As you read the scroll labelled LECVEO TOGEO, it crumbles to dust.
You hear a loud clanging noise!
It was a scroll of noise.
You hear a shout! x2; You hear an angry hiss.
You hear a shout! x4
You hear an angry growl.
You hear a shout! x2
A kobold comes into view. It is wielding a +0 short sword.
As you read the scroll labelled XUNLYT PYXUE, it crumbles to dust.
It is a scroll of identify.
t - 2 potions of might The kobold hits your butterfly with a +0 short sword.
Your butterfly dies!
Your butterfly disappears in a burst of colours!
As you read the scroll labelled AKKADAPLOE, it crumbles to dust.
You feel aware of your surroundings.
It was a scroll of magic mapping.
As you read the scroll labelled DUMIME ARHI, it crumbles to dust.
The creatures around you are filled with an inner flame!
It was a scroll of immolation.
The kobold hits your butterfly with a +0 short sword.
Your butterfly disappears in a burst of colours!
Your butterfly explodes!
The fiery explosion engulfs you!!!
Ouch! That really hurt!
The fiery explosion engulfs your butterfly!
Your butterfly disappears in a burst of colours!
The fiery explosion engulfs your butterfly!
Your butterfly disappears in a burst of colours!
The fiery explosion engulfs the kobold!!
The kobold explodes!
Your butterfly explodes!
The fiery explosion engulfs your butterfly!!
Your butterfly disappears in a burst of colours!
The fiery explosion engulfs you!
* * * LOW HITPOINT WARNING * * *
Your butterfly explodes!
The fiery explosion engulfs your butterfly!!
Your butterfly disappears in a burst of colours!
The fiery explosion engulfs you!!
You die...

,,* *,****,* ***
,,***,* **,* *,*
,,**,,***,,* *,*
,,,,,,*,,,** *,*
**,*,,,,,,* *,*
**,,,,***,* ####*,*
*,,,,****.######b.**,*
*,*,,*,,,...b.bbb#**>*
,,,,,,,***,,***#@#**,*
,,,*,*** *#...§§§§§..#
,***,** ######§##§##
,* *,,* #.#*,# ,*
**,** **#.#*,* **
*,,** ***,.[#,>* *
**,,** *,,,##.,,*
**,,* *,****.,**
**,***,* *,,*


There were no monsters in sight!

Vanquished Creatures
  A hound (D:3)
  An orc priest (D:3)
  An iguana (D:3)
  4 adders
  3 worms
  8 orcs (D:3)
  6 ball pythons
  5 bats
  6 endoplasms
  5 giant cockroaches
  6 goblins
  6 hobgoblins
  A quokka (D:3)
  9 frilled lizards
  7 kobolds
  9 rats
78 creatures vanquished.

Notes
Turn   | Place    | Note
-------+----------+-------------------------------------------
     0 | D:1      | Smoke131 the Ogre Gladiator began the quest for the Orb.
     0 | D:1      | Reached XP level 1. HP: 22/22 MP: 1/1
    28 | D:1      | Found Ginufishri's Armour Emporium.
   166 | D:1      | Reached XP level 2. HP: 29/29 MP: 2/2
   352 | D:1      | Found a faded altar of an unknown god.
   462 | D:1      | Found Dybic's Antique Armour Boutique.
   550 | D:1      | Found Qoduzi's Assorted Antiques.
   599 | D:1      | Reached XP level 3. HP: 25/37 MP: 3/3
  1074 | D:2      | Reached skill level 1 in Armour
  1347 | D:2      | Reached XP level 4. HP: 45/45 MP: 4/4
  1938 | D:3      | Reached XP level 5. HP: 38/54 MP: 5/5
  2003 | D:3      | Reached skill level 1 in Shields
  2301 | D:1      | Bought a wizard robe for 108 gold pieces
  2301 | D:1      | Identified the +4 robe of Entitlement {rElec Regen+ Str+5}
                  | (You bought it in a shop on level 1 of the Dungeon)
  2414 | D:3      | Found a glowing drain.
  2423 | Sewer    | Entered a sewer
  2843 | D:3      | Found a glowing golden altar of the Shining One.
  2902 | D:4      | Killed by an exploding butterfly... ignited by their inner
                  | flame

Illustrated notes

Levels and vault maps discovered:
D:1:      mainiacjoe_arrival_reflecting_pool, layout_loops_cross, serial_shops,
          shop_fountains, shop, shop_statue, dreamdust_ecumenical_altar_grove,
          minivault_24, due_unseen_surprise
D:2:      layout_basic, kennysheep_generic_room_15
D:3:      layout_basic, tso_altar, portal_sewer_entry_a
D:4:      layout_rooms, ebering_ghost_reflecting_pool

Skill      XL: |  1  2  3  4  5 |
---------------+----------------+-----
Fighting       | 3 4 |  4.3
Armour         | 1 |  1.2
Dodging        | 3 |  3.0
Throwing       | 3 |  3.3
Shields        | 1 |  1.5
Axes           | 4 |  4.0

Action                   |  1- 3 |  4- 6 || total
-------------------------+-------+-------++-------
Melee: War axe           |   111 |   114 ||   225
       Punch             |     1 |       ||     1
Throw: Large rock        |     1 |       ||     1
  Use: Scroll            |       |     8 ||     8
 Stab: Sleeping          |     1 |     1 ||     2
Armor: Robe              |    49 |    44 ||    93
Dodge: Dodged            |    55 |    55 ||   110
Block: Kite shield       |       |    37 ||    37
